 Dungeon Crawl Stone Soup version 0.30.1 (webtiles) character file.

Game seed: 3158489668864789043

5537 GeoRichter the Tainter (level 10, 0/67 (68) HPs)
             Began as an Octopode Venom Mage on July 6, 2023.
             Was a Follower of Ru.
             Slain by a wyvern (5 damage)
             ... on level 8 of the Dungeon.
             The game lasted 00:21:51 (9960 turns).

GeoRichter the Tainter (Octopode Venom Mage)        Turns: 9960, Time: 00:21:51

HP:   0/67 (68)     AC:  1    Str:  8    XL:     10   Next: 71%
MP:   3/21          EV: 12    Int: 22    God:    Ru [*.....]
Gold: 316           SH:  5    Dex: 12    Spells: 12/23 levels left

rFire   . .          .
                       - Unarmed
rCold   . . .        C - +2 buckler
rNeg    . . .        i - melded +2 hat of the Bear Spirit {Spirit, Bear, *Rage Will++}
rPois   .            p - amulet of the acrobat
rElec   .            (no ring)
rCorr   .            (no ring)
SInv    .            (no ring)
Will    .....        (no ring)
Stlth   ++++         (no ring)
HPRegen 0.31/turn    (no ring)
MPRegen 0.17/turn    (no ring)
                     (no ring)

%: acrobat
@: appendages, wereblooded, very slightly contaminated, lightly drained
A: tentacle spike 3, almost no armour, amphibious, 8 rings, camouflage 1,
gelatinous body 1, unskilled 1, (nimble swimmer 1), tentacles
a: End Transformation, Renounce Religion


You were on level 8 of the Dungeon.
You worshipped Ru.
Ru was aware of your devotion.
One of your tentacles had grown a beastly spike.
You visited 2 branches of the dungeon, and saw 9 of its levels.

You collected 413 gold pieces.
You spent 97 gold pieces at shops.

Inventory:

Armour
 i - the +2 hat of the Bear Spirit (melded) {Spirit, Bear, *Rage Will++}
   (You acquired it on level 5 of the Dungeon)

   Bear:      Going berserk makes the wearer exceptionally tough, and they are
   slowed for a shorter time afterward.
   *Rage:     It berserks you when you make melee attacks (+20% chance).
   Will:      It greatly increases your willpower.
 C - a +2 buckler (worn)
   (You found it on level 7 of the Dungeon)
Magical Staves
 w - a staff of air
   (You found it on level 4 of the Dungeon)
Jewellery
 p - an amulet of the acrobat (around mantle)
   (You found it on level 4 of the Dungeon)
Wands
 s - a wand of polymorph (7)
   (You found it on level 7 of the Dungeon)
 t - a wand of roots (17)
   (You took it off Ijyb on level 4 of the Dungeon)
Scrolls
 c - a scroll of noise {unknown}
 d - a scroll of torment {unknown}
 f - a scroll of immolation {unknown}
 j - 4 scrolls of fear
 k - a scroll of fog {unknown}
 l - 5 scrolls of teleportation {@r4}
 m - a scroll of amnesia {unknown}
 n - a scroll of brand weapon {unknown}
 y - a scroll of magic mapping {unknown}
 A - a scroll of blinking
 B - a scroll of identify {@r1}
 D - a scroll of acquirement
Potions
 a - 3 potions of magic
 b - a potion of invisibility {unknown}
 e - a potion of resistance {unknown}
 g - 3 potions of brilliance
 h - a potion of berserk rage
 o - 2 potions of curing {@q1}
 q - 4 potions of flight
 r - 2 potions of attraction {unknown}
 u - a potion of mutation {unknown}
 v - a potion of degeneration {unknown}
 x - a potion of cancellation {unknown}
 z - a potion of might


   Skills:
 - Level 5.9 Fighting
 - Level 2.1 Dodging
 - Level 4.5 Stealth
 * Level 4.6 Unarmed Combat
 - Level 7.0 Spellcasting
 + Level 3.3 Transmutations
 - Level 10.5 Poison Magic


You had 12 spell levels left.
You knew the following spells:

 Your Spells              Type           Power      Damage    Failure   Level
a - Sting                 Tmut/Pois      100%       1d8       1%          1
b - Olgreb's Toxic Radia  Pois           52%        N/A       1%          4
c - Spider Form           Tmut/Pois      38%        N/A       2%          3
d - Wereblood             Tmut           22%        N/A       4%          2
e - Beastly Appendage     Tmut           44%        N/A       3%          1

Your spell library contained the following spells:

 Spells                   Type           Power      Damage    Failure   Level
 Poisonous Vapours        Pois/Air       60%        N/A       2%          2
 Mephitic Cloud           Conj/Pois/Air  23%        N/A       10%         3
 Dazzling Flash           Conj/Hex       14%        N/A       36%         3
 Agony                    Necr           7%         N/A       98%         5
 Freezing Cloud           Conj/Ice/Air   3%         6-21      98%         5
 Silence                  Hex/Air        3%         N/A       98%         5


Dungeon Overview and Level Annotations

Branches:
Dungeon (8/15) Zot: 26853  Temple (1/1) D:6 Zot: 5705
   Lair: D:8-11

Altars:
Ashenzari
Cheibriados
Dithmenos
Elyvilon
Fedhas
Gozag
Hepliaklqana
Kikubaaqudgha
Makhleb
Nemelex Xobeh
Qazlal
Ru
Sif Muna
Trog
Uskayaw
Vehumet
Wu Jian
Xom
Yredelemnul
Zin
The Shining One

Shops:
D:6 ?

Annotations:
D:4 Menkaure
D:5 1 runed translucent door, Kaiern's ghost, amateur TeRe
D:6 1 runed translucent door, kalagan's ghost, novice DECj
D:7 exclusion: statue


Innate Abilities, Weirdness & Mutations

One of your tentacles has grown a beastly spike.
You cannot wear most types of armour.
You are amphibious.
You can wear up to eight rings at the same time.
Your skin changes colour to match your surroundings (Stealth+).
Your rubbery body absorbs attacks. (AC +1, EV +1)
You are somewhat unskilled. (-1 Apt)
((You are camouflaged when in or above water. (Stealth+)))
You have tentacles for arms and can constrict up to eight enemies at once.


Message History

Confirm with . or Enter, or press ? or * to list all spells.
One of your tentacles grows a vicious spike.
The +2 hat of the Bear Spirit {Spirit, Bear, *Rage Will++} melds into your body.
You feel strangely alone.
You feel a bit better.
You kill the orc!
A wyvern comes into view.
You howl as the wereblood boils in your veins!
The wyvern hisses angrily.
The wyvern is poisoned.
You tentacle-slap the wight. You grab the wight.
You pierce the wight.
You squeeze the wight.
The wight is moderately damaged.
Your toxic aura wanes.
You constrict the wight, but do no damage.
The wight closely misses you.
You tentacle-slap the wight but do no damage.
You pierce the wight, but do no damage.
The wight is moderately damaged.
You howl as the wereblood boils in your veins!
You constrict the wight, but do no damage.
A wight comes into view. It is wielding a +3 dagger.
The wight misses you.
You tentacle-slap the wight.
You pierce the wight.
The wight is heavily damaged.
You constrict the wight. The wyvern bites you! The wight barely misses you.
You tentacle-slap the wight.
You feel a bit better.
You destroy the wight!
The wyvern bites you! The wyvern closely misses you.
You bludgeon the wyvern!
Your tentacle spike misses the wyvern.
The wyvern is moderately wounded.
The wyvern closely misses you.
You closely miss the wyvern. You squeeze the wyvern.
The wyvern is heavily wounded.
The wyvern looks more healthy.
The wyvern bites you! x2
* * * LOW HITPOINT WARNING * * *
You bludgeon the wyvern!
You pierce the wyvern.
You squeeze the wyvern.
The wyvern is almost dead.
You howl as the wereblood boils in your veins!
The wyvern hisses menacingly.
You block the wyvern's attack.
You tentacle-slap the wyvern.
Your tentacle spike misses the wyvern.
The wyvern is almost dead.
The wyvern bites you!
* * * LOW HITPOINT WARNING * * *
The wight hits you with a +3 dagger.
* * * LOW HITPOINT WARNING * * *
You feel drained.
* * * LOW HITPOINT WARNING * * *
The wyvern bites you.
You die...

#.# ##.## #.# #...# #
#.# #...# ###.. ####.#
#...# ...
...(.#######...####.#
....................####
......)................#
.#..)##...........))##.o
###..##.##.#...#@##)#
.#†####.##.....lz# ..
#<).....##.#.....# #.#
#.#.###.##.#.....# #
#.#.# ........#..# #.#.#
#.##.......# ..#..
..##... ..## #####
######....


You could see a wyvern and a wight.

Vanquished Creatures
  A two-headed ogre (D:5)
  Pikel (D:5)
  An unseen horror (D:5)
  Sigmund (D:4)
  A steam dragon (D:6)
  4 hogs (D:7)
  A human (D:7)
  A water moccasin (D:7)
  An orc warrior (D:6)
  2 ice beasts
  An ogre (D:5)
  2 black bears
  2 sky beasts
  2 centaurs
  2 phantoms
  3 kobold brigands
  Blork the orc (D:4)
  A gnoll sergeant (D:7)
  A bullfrog (D:6)
  7 scorpions
  A wight (D:8)
  7 killer bees
  An orc priest (D:7)
  8 hounds
  3 sleepcaps
  Ijyb (D:4)
  3 iguanas (D:5)
  Natasha (thrice) (D:4)
  2 orc wizards
  9 gnolls
  4 adders
  A shadow imp (D:5)
  3 white imps
  2 ufetubi
  3 worms
  4 dart slugs
  27 orcs
  6 bats
  4 endoplasms
  3 giant cockroaches
  8 goblins
  7 hobgoblins
  6 jackals
  21 kobolds
  4 quokkas
  7 ball pythons
  2 frilled lizards (D:2)
  3 rats
189 creatures vanquished.

Vanquished Creatures (collateral kills)
  2 jellies
2 creatures vanquished.

Grand Total: 191 creatures vanquished

Notes
Turn   | Place    | Note
-------+----------+-------------------------------------------
     0 | D:1      | GeoRichter the Octopode Venom Mage began the quest for the
                  | Orb.
     0 | D:1      | Reached XP level 1. HP: 11/11 MP: 3/3
   361 | D:1      | Reached skill level 4 in Poison Magic
   407 | D:1      | Reached XP level 2. HP: 17/17 MP: 3/5
  1074 | D:1      | Reached XP level 3. HP: 21/21 MP: 3/6
  1395 | D:2      | Found a faded altar of an unknown god.
  1802 | D:2      | Reached skill level 5 in Poison Magic
  2618 | D:3      | Reached XP level 4. HP: 26/27 MP: 3/7
  2643 | D:3      | Learned a level 4 spell: Olgreb's Toxic Radiance
  3000 | D:3      | Noticed an ice beast
  3327 | D:3      | Killed an ice beast
  3328 | D:3      | Reached skill level 6 in Poison Magic
  3328 | D:3      | Reached XP level 5. HP: 9/31 MP: 3/8
  3668 | D:4      | Noticed Sigmund
  3759 | D:4      | Noticed Blork the orc
  3768 | D:4      | Killed Blork the orc
  3769 | D:4      | Reached skill level 5 in Stealth
  3769 | D:4      | Reached skill level 7 in Poison Magic
  3769 | D:4      | Reached XP level 6. HP: 36/36 MP: 3/9
  3859 | D:4      | Noticed Natasha
  3870 | D:4      | Killed Natasha
  3993 | D:4      | Noticed Ijyb
  4003 | D:4      | Killed Ijyb
  4210 | D:4      | Noticed Natasha
  4212 | D:4      | Noticed Menkaure
  4216 | D:4      | Killed Natasha
  4347 | D:4      | Killed Sigmund
  4348 | D:4      | Reached skill level 8 in Poison Magic
  4348 | D:4      | Reached XP level 7. HP: 32/41 MP: 1/11
  4441 | D:4      | Noticed Natasha
  4453 | D:4      | Killed Natasha
  4726 | D:5      | Entered Level 5 of the Dungeon
  4893 | D:5      | Reached skill level 9 in Poison Magic
  4955 | D:5      | Found a white marble altar of Elyvilon.
  4966 | D:5      | Reached XP level 8. HP: 46/46 MP: 8/13
  5076 | D:5      | Noticed Kaiern's ghost (amateur TeRe)
  5079 | D:5      | Found a runed translucent door.
  5554 | D:5      | Noticed Pikel
  5559 | D:5      | Reached skill level 10 in Poison Magic
  5573 | D:5      | Killed Pikel
  5574 | D:5      | Reached skill level 5 in Spellcasting
  5574 | D:5      | Reached skill level 11 in Poison Magic
  5810 | D:5      | Reached XP level 9. HP: 52/52 MP: 7/17
  5994 | D:5      | Reached skill level 1 in Fighting
  6097 | D:5      | Noticed a two-headed ogre
  6114 | D:5      | Killed a two-headed ogre
  6400 | D:5      | Killed an unseen horror
  6534 | D:5      | Identified a scroll of acquirement
  6535 | D:5      | Acquired the +2 hat of the Bear Spirit {Spirit, Bear, *Rage
                  | Will++}
  6535 | D:5      | Found the +2 hat of the Bear Spirit {Spirit, Bear, *Rage
                  | Will++}
  6543 | D:6      | Found a staircase to the Ecumenical Temple.
  6564 | Temple   | Entered the Ecumenical Temple
  6838 | Temple   | Became a worshipper of Ru the Awakened
  7113 | D:6      | Reached skill level 5 in Fighting
  7296 | D:6      | Found a hide-covered altar of Uskayaw.
  7303 | D:6      | Reached XP level 10. HP: 61/67 MP: 12/21
  7526 | D:6      | Found a runed translucent door.
  7527 | D:6      | Noticed kalagan's ghost (novice DECj)
  7634 | D:6      | Learned a level 3 spell: Spider Form
  7651 | D:6      | Reached skill level 1 in Unarmed Combat
  7855 | D:6      | Found The Oracle's Delphic Readings.
  7859 | D:6      | Bought a scroll of blinking for 97 gold pieces
  7887 | D:6      | Found an ancient bone altar of Kikubaaqudgha.
  7893 | D:6      | Found an ornate altar of the Wu Jian Council.
  7896 | D:6      | Found a broken altar of Ashenzari.
  7896 | D:6      | Found a hazy altar of Hepliaklqana.
  7903 | D:6      | Found a basalt altar of Yredelemnul.
  8012 | D:6      | Learned a level 2 spell: Wereblood
  8386 | D:7      | Found a radiant altar of Vehumet.
  8406 | D:7      | Found a shimmering altar of Xom.
  8406 | D:7      | Found a shimmering altar of Xom.
  8406 | D:7      | Found a shimmering altar of Xom.
  8470 | D:7      | Learned a level 1 spell: Beastly Appendage
  8587 | D:7      | Noticed a swamp dragon
  8608 | D:7      | Found a shimmering altar of Xom.
  8608 | D:7      | Found a shimmering altar of Xom.
  8609 | D:7      | Found a shimmering altar of Xom.
  8609 | D:7      | Found a shimmering altar of Xom.
  8635 | D:7      | Found a shimmering altar of Xom.
  8635 | D:7      | Noticed an elephant
  8641 | D:7      | Gained mutation: You are somewhat unskilled. (-1 Apt) [Ru
                  | sacrifice]
  8641 | D:7      | Reduced skill Fighting to level 5
  8641 | D:7      | Reduced skill Transmutations to level 1
  8641 | D:7      | Reduced skill Poison Magic to level 10
  8641 | D:7      | Reached * piety under Ru
  8643 | D:7      | an elephant changed into a broodmother
  8643 | D:7      | Noticed a broodmother (shapeshifter)
  9429 | D:7      | Noticed a bunyip
  9434 | D:7      | Noticed an orb spider
  9443 | D:7      | a bunyip changed into an ice dragon
  9443 | D:7      | Noticed an ice dragon (shapeshifter)
  9661 | D:7      | Found a shimmering blue altar of Sif Muna.
  9717 | D:7      | Noticed a sea snake
  9774 | D:7      | Noticed a deep troll
  9798 | D:7      | Noticed a manticore
  9960 | D:8      | Slain by a wyvern

Illustrated notes

Levels and vault maps discovered:
D:1:      dpeg_arrival_tiny_f, layout_loops_corners, grunt_decor_mini_mirrors
D:2:      layout_basic, hellmonk_ecumenical_altar_dog_temple,
          minmay_tetromino_i2
D:3:      layout_basic
D:4:      layout_cave_pools, uniq_ijyb, uniq_menkaure, uniq_blork_the_orc,
          uniq_natasha, uniq_sigmund
D:5:      layout_cave_pools, elyvilon_altar_5, hellmonk_ghost_happy_afterlife,
          minmay_divided_ellipse, uniq_pikel
D:6:      layout_loops_ring, nicolae_uskayaw_dance_studio,
          nicolae_overflow_hallway_of_the_gods,
          minmay_temple_entry_drinking_statues, gammafunk_ghost_grave,
          chequers_serial_rivers_large_b, nicolae_nh_oracle_at_delphi
D:7:      layout_cave_pools, mainiacjoe_overflow_brackets, vehumet_statue,
          xom_shifter_show, grunt_livestock
D:8:      kennysheep_steamy, layout_loops_cross, okawaru_humans,
          minmay_misc_feat_columns, minmay_three_doors
Temple:   chequers_temple_sunken

Skill      XL: |  1  2  3  4  5  6  7  8  9 10 |
---------------+-------------------------------+-----
Poison Magic   | 4 5 6 7 8 9 11 10 | 10.5
Stealth        | 3 4 5 4 |  4.5
Spellcasting   | 3 5 7 |  7.0
Fighting       | 5 5 |  5.9
Unarmed Combat | 4 |  4.6
Transmutations | 3 |  3.3
Dodging        | |  2.1

Action                     |  1- 3 |  4- 6 |  7- 9 | 10-12 || total
---------------------------+-------+-------+-------+-------++-------
  Melee: Unarmed           |    10 |    28 |    41 |    81 ||   160
         Tentacles         |     3 |     7 |    19 |    14 ||    43
         Constrict         |     3 |    10 |     7 |    13 ||    33
         Punch             |       |     1 |     1 |     1 ||     3
         Kick              |       |       |       |     6 ||     6
   Cast: Sting             |    87 |    65 |    15 |     3 ||   170
         Olgreb's Toxic Ra |       |     7 |    49 |    36 ||    92
         Spider Form       |       |       |       |     4 ||     4
         Beastly Appendage |       |       |       |     4 ||     4
         Wereblood         |       |       |       |     4 ||     4
 Invoke: Sacrifice Skill   |       |       |       |     1 ||     1
  Evoke: Wand              |       |       |     3 |     3 ||     6
    Use: Potion            |     1 |       |     2 |     1 ||     4
         Scroll            |       |     2 |     7 |     3 ||    12
   Stab: Sleeping          |       |       |       |     1 ||     1
 Armour: Skin              |     2 |     3 |     6 |     8 ||    19
  Dodge: Dodged            |    24 |    30 |    33 |    54 ||   141
  Block: Buckler           |       |       |       |     9 ||     9
